 Dungeon Crawl Stone Soup version 0.24.0-13-gcf9b319 (webtiles) character file.

Game seed: 2525308993238109222, levelgen mode: deterministic

1908 Fang the Shield-Bearer (level 9, -3/57 HPs)
             Began as a Gargoyle Fighter on Dec 16, 2019.
             Was an Initiate of Trog.
             Splashed by Maurice's acid (11 damage)
             ... on level 8 of the Dungeon.
             The game lasted 00:05:59 (5832 turns).

Fang the Shield-Bearer (Gargoyle Fighter)           Turns: 5832, Time: 00:05:59

Health: -3/57      AC: 14    Str: 24    XL:     9   Next: 16%
Magic:  9/9        EV:  6    Int:  8    God:    Trog [......]
Gold:   414        SH: 12    Dex:  9    Spells: 8/8 levels left

rFire    . . .     SeeInvis .   a - +2 war axe
rCold    . . .     Gourm    .   B - +1 shield
rNeg     + . .     Faith    .   b - +0 chain mail
rPois    ∞         Spirit   .   m - +2 helmet
rElec    +         Reflect  .   (no cloak)
rCorr    .         Harm     .   (no gloves)
MR       .....                  (no boots)
Stlth    ..........             q - amulet of the acrobat
HPRegen  0.19/turn              i - ring of stealth
MPRegen  0.11/turn              o - +2 ring of protection

@: corroded
A: negative energy resistance 1, electricity resistance, unbreathing,
petrification resistance, rot immunity, AC +6
a: Renounce Religion


You were on level 8 of the Dungeon.
You worshipped Trog.
Trog was noncommittal.
You were hungry.

You visited 2 branches of the dungeon, and saw 9 of its levels.

You collected 414 gold pieces.

Inventory:

Hand Weapons
 a - a +2 war axe (weapon)
Armour
 b - a +0 chain mail (worn)
 m - a +2 helmet (worn)
 B - a +1 shield (worn)
Jewellery
 i - a ring of stealth (left hand)
 o - a +2 ring of protection (right hand)
 q - an amulet of the acrobat (around neck)
Wands
 h - a wand of iceblast (7)
Scrolls
 e - 4 scrolls of magic mapping
 f - a scroll of identify
 j - 8 scrolls of teleportation
 p - a scroll of fear {unknown}
 s - a scroll of fog
 w - 4 scrolls of remove curse
Potions
 d - 2 potions of degeneration {unknown}
 g - 2 potions of mutation
 k - 2 potions of flight
 l - a potion of invisibility
 n - a potion of might
 r - 2 potions of heal wounds
 t - a potion of ambrosia
 u - 6 potions of lignification {unknown}
 x - 3 potions of curing
 A - a potion of agility {unknown}
Comestibles
 c - 15 rations


   Skills:
 + Level 7.1 Fighting
 + Level 5.5 Axes
 + Level 7.1 Armour
 + Level 7.2 Shields


You had 8 spell levels left.
You didn't know any spells.
Your spell library was empty.

Dungeon Overview and Level Annotations

Branches:
Dungeon (8/15)             Temple (1/1) D:7
   Lair: D:8-11

Altars:
Ashenzari
Cheibriados
Elyvilon
Gozag
Hepliaklqana
Kikubaaqudgha
Makhleb
Nemelex Xobeh
Qazlal
Ru
Sif Muna
Trog
Uskayaw
Wu Jian
Xom
Zin

Annotations:
D:3 2 transporters, Buffagor's ghost, amateur NaFi
D:8 Maurice


Innate Abilities, Weirdness & Mutations

You are resistant to torment.
Your stone body is resilient. (AC +6)
You are immune to poison.
You resist negative energy. (rN+)
You are resistant to electric shocks. (rElec)
You can survive without breathing.
You are immune to petrification.
You are immune to rotting.


Message History

No target in view!
No target in view!
No target in view!
Items here: $ ) [ †† a +0 club; a +0 leather armour; 8 gold pieces; an orc corpse; a jackal corpse You miss something.
Something hits you but does no damage.
You miss something.
Something hits you but does no damage. x2
Your shield and chain mail prevent you from hitting something.
Something hits you but does no damage.
You closely miss something.
You hear a zap.
A bolt of acid appears from out of thin air!
The bolt of acid hits you!! The acid corrodes you!
You are splashed with acid!
* * * LOW HITPOINT WARNING * * *
You miss something.
You hear a zap.
A bolt of acid appears from out of thin air!
The bolt of acid hits you but does no damage.
You are splashed with acid!
You die...

#......#####.....
#..............$
#.............. #.#
#...........# #.#
##.....!.....# ##.#
#............#
..####...###.##...#
#.##.....# #.##.#.#
##.##.....###.##@# ..
.............##.{.# ...
.<.......#..##.....#
.##
...).....#..#.......# #
.........#......_.....
##.#######..#.......###
#.# #..##.....## #.# ##
##...## #.#


There were no monsters in sight!

Vanquished Creatures
  An ice beast (D:7)
  A sky beast (D:7)
  3 ogres
  3 centaurs
  A big kobold (D:7)
  3 bullfrogs
  A gnoll sergeant (D:7)
  2 water moccasin skeletons
  3 scorpions
  A howler monkey (D:5)
  A crimson imp (D:5)
  A bullfrog skeleton (D:5)
  An orc priest (D:7)
  2 jellies
  A gnoll shaman (D:7)
  An orc wizard (D:7)
  5 worker ants
  7 gnolls (D:7)
  A howler monkey skeleton (D:7)
  6 adders
  3 oozes
  An adder zombie (D:8)
  3 adder skeletons
  3 worms
  4 dart slugs
  7 leopard geckos
  13 orcs
  6 bats
  11 giant cockroaches
  12 goblins
  9 hobgoblins
  7 jackals
  16 kobolds
  3 quokkas
  A ball python (D:3)
  2 frilled lizards
  A quokka skeleton (D:4)
  12 rats (D:1)
159 creatures vanquished.

Vanquished Creatures (others)
  6 plants (D:3)
6 creatures vanquished.

Grand Total: 165 creatures vanquished

Notes
Turn   | Place    | Note
-------+----------+-------------------------------------------
     0 | D:1      | Fang the Gargoyle Fighter began the quest for the Orb.
     0 | D:1      | Reached XP level 1. HP: 14/14 MP: 1/1
    64 | D:1      | Reached XP level 2. HP: 17/19 MP: 2/2
   468 | D:1      | Reached XP level 3. HP: 14/23 MP: 3/3
  1107 | D:2      | Reached XP level 4. HP: 26/29 MP: 4/4
  1701 | D:3      | Identified the +2 halberd of Tomorrow {venom, -Tele rC+++
                  | Dex+4}
  1722 | D:3      | Found a transporter.
  1732 | D:3      | Noticed Buffagor's ghost (amateur NaFi)
  1781 | D:3      | Reached XP level 5. HP: 32/33 MP: 5/5
  2026 | D:3      | Found a stormy altar of Qazlal.
  2163 | D:3      | Found a transporter.
  2373 | D:4      | Reached XP level 6. HP: 37/39 MP: 6/6
  2471 | D:4      | Found a white marble altar of Elyvilon.
  2536 | D:4      | Found a shimmering altar of Xom.
  2791 | D:5      | Entered Level 5 of the Dungeon
  2840 | D:5      | Reached skill level 5 in Fighting
  2840 | D:5      | Reached skill level 5 in Shields
  2878 | D:5      | Reached skill level 5 in Armour
  2878 | D:5      | Reached XP level 7. HP: 32/44 MP: 7/7
  3781 | D:4      | Found a hazy altar of Hepliaklqana.
  3781 | D:4      | Found an opulent altar of Gozag.
  4064 | D:6      | Reached XP level 8. HP: 43/51 MP: 8/8
  4157 | D:6      | Found a sparkling altar of Nemelex Xobeh.
  4199 | D:6      | Found a stormy altar of Qazlal.
  5020 | D:7      | Reached skill level 5 in Axes
  5312 | D:7      | Found a staircase to the Ecumenical Temple.
  5324 | D:7      | Reached XP level 9. HP: 51/56 MP: 9/9
  5328 | Temple   | Entered the Ecumenical Temple
  5370 | Temple   | Became a worshipper of Trog the Wrathful
  5816 | D:8      | Found a burning altar of Makhleb.
  5821 | D:8      | Noticed Maurice
  5832 | D:8      | Splashed by Maurice's acid

Levels and vault maps discovered:
D:1:      onia_arrival_larder, layout_basic, minmay_misc_feat_chi
D:2:      layout_loops_ring
D:3:      layout_basic, lemuel_coloured_pillars_altar,
          gammafunk_ghost_gnarly_gnolls, hex_large
D:4:      layout_basic, lemuel_round_altar, nicolae_overflow_hidden_temple,
          xom_teletrap_fun
D:5:      layout_basic, first_ration, minmay_misc_feat_tower
D:6:      layout_basic, old_standard_altar, kennysheep_another_room,
          nicolae_qazlal_eye_of_the_storm
D:7:      layout_gridville, minmay_temple_entry_fiery
D:8:      layout_rooms, lemuel_round_altar, hangedman_pestilent_swarm,
          nemelex_xobeh_ov_fountains_minmay, uniq_erica, uniq_maurice,
          uniq_joseph
Temple:   nicolae_temple_god_jail

Skill      XL: |  1  2  3  4  5  6  7  8  9 |
---------------+----------------------------+-----
Axes           | 2 3 4 5 |  5.5
Fighting       | 4 5 6 7 |  7.1
Armour         | 4 5 6 7 |  7.1
Shields        | 4 5 7 |  7.2

Action                   |  1- 3 |  4- 6 |  7- 9 || total
-------------------------+-------+-------+-------++-------
Melee: War axe           |   114 |   199 |   236 ||   549
  Use: Scroll            |       |    14 |     2 ||    16
       Potion            |       |     1 |       ||     1
  Eat: Chunk             |     1 |     6 |     9 ||    16
Armor: Scale mail        |    86 |   140 |    75 ||   301
       Chain mail        |       |       |    59 ||    59
Dodge: Dodged            |    39 |    66 |    71 ||   176
Block: Shield            |    56 |   108 |   179 ||   343
